 Dungeon Crawl Stone Soup version 0.29.1-4-g47bece8355 (webtiles) character file.

Game seed: 10675516351672970537

129103 zeram the Hoplite (level 17, -20/93 HPs)
             Began as a Gargoyle Fighter on Dec 7, 2022.
             Was the Champion of Qazlal.
             Demolished by a radroach (34 damage)
             ... on level 4 of the Spider Nest.
             The game lasted 00:57:17 (28512 turns).

zeram the Hoplite (Gargoyle Fighter)               Turns: 28512, Time: 00:57:18

Health: -20/93     AC: 41    Str: 26      XL:     17   Next: 4%
Magic:  11/17      EV: 12    Int: 11      God:    Qazlal [******]
Gold:   1967       SH: 33    Dex: 14 (15) Spells: 16/16 levels left

rFire   . . .      SeeInvis +   F - +9 whip "Beetle's Nightmare" {freeze, rPois Will++}
rCold   . . .      Faith    .   J - +4 kite shield
rNeg    + . .      Spirit   .   p - +1 plate armour
rPois   ∞          Reflect  +   (no helmet)
rElec   +          Harm     .   m - +2 cloak
rCorr   .          Rampage  .   o - +2 pair of gloves
Will    +++..                   K - +2 pair of boots
Stlth   ..........              O - amulet of reflection
HPRegen 0.25/turn               e - ring of see invisible
MPRegen 0.15/turn               q - +6 ring of dexterity

@: flying, contaminated, glowing, repel missiles
A: sickness immunity, AC +12, big wings, negative energy resistance 1,
electricity resistance, torment resistance 1, petrification resistance
a: Renounce Religion, Upheaval, Elemental Force, Disaster Area


You were on level 4 of the Spider Nest.
You worshipped Qazlal.
Qazlal was exalted by your worship.
You visited 5 branches of the dungeon, and saw 26 of its levels.

You collected 3999 gold pieces.
You spent 2032 gold pieces at shops.

Inventory:

Hand Weapons
 j - a +4 demon whip of venom
 F - the +9 whip "Beetle's Nightmare" (weapon) {freeze, rPois Will++}
   (You found it on level 5 of the Dungeon)

   It freezes those it strikes, dealing additional cold damage.
   It can also slow down cold-blooded creatures.
   rPois:     It protects you from poison.
   Will:      It greatly increases your willpower.
Armour
 m - a +2 cloak (worn)
 o - a +2 pair of gloves (worn)
 p - a +1 plate armour (worn)
 J - a +4 kite shield (worn)
 K - a +2 pair of boots (worn)
Jewellery
 e - a ring of see invisible (left hand)
 q - a +6 ring of dexterity (right hand)
 A - an amulet of regeneration
 O - an amulet of reflection (around neck)
Wands
 c - a wand of roots (28)
 f - a wand of quicksilver (20)
 r - a wand of flame (41)
 v - a wand of mindburst (1)
 B - a wand of charming (24)
Scrolls
 a - 4 scrolls of magic mapping
 b - a scroll of silence
 d - 3 scrolls of enchant armour
 g - 7 scrolls of fear
 l - 12 scrolls of teleportation
 I - 2 scrolls of summoning
 R - a scroll of fog
 U - 2 scrolls of amnesia
 X - 3 scrolls of identify
 Y - a scroll of poison
Potions
 h - 3 potions of cancellation
 k - 4 potions of curing
 s - a potion of berserk rage
 t - 2 potions of resistance
 M - a potion of ambrosia


   Skills:
 - Level 6.2 Fighting
 + Level 14.3 Maces & Flails
 + Level 14.1 Armour
 + Level 12.0 Dodging
 - Level 1.0 Stealth
 + Level 22.3 Shields
 + Level 0.1 Evocations


You had 16 spell levels left.
You didn't know any spells.
Your spell library contained the following spells:

 Spells                   Type           Power      Damage    Failure   Level
 Beastly Appendage        Tmut           0%         N/A       97%         1
 Sandblast                Erth           0%         2d4       97%         1
 Call Imp                 Summ           0%         N/A       99%         2
 Passwall                 Tmut/Erth      0%         N/A       99%         2
 Static Discharge         Conj/Air       0%         3-3/arc   99%         2
 Wereblood                Tmut           0%         N/A       99%         2
 Call Canine Familiar     Summ           0%         N/A       100%        3
 Frozen Ramparts          Ice            0%         1d1       100%        3
 Gell's Gravitas          Tloc           0%         N/A       100%        3
 Inner Flame              Hex/Fire       0%         N/A       100%        3
 Lesser Beckoning         Tloc           0%         N/A       100%        3
 Portal Projectile        Hex/Tloc       0%         N/A       100%        3
 Spider Form              Tmut/Pois      0%         N/A       100%        3
 Stone Arrow              Conj/Erth      0%         3d7       100%        3
 Teleport Other           Tloc           0%         N/A       100%        3
 Tukima's Dance           Hex            0%         N/A       100%        3
 Animate Armour           Summ/Erth      0%         N/A       100%        4
 Animate Dead             Necr           0%         N/A       100%        4
 Cause Fear               Hex            0%         N/A       100%        4
 Corpse Rot               Necr/Pois/Air  0%         N/A       100%        4
 Dispel Undead            Necr           0%         3d6       100%        4
 Ice Form                 Ice/Tmut       0%         N/A       100%        4
 Leda's Liquefaction      Hex/Erth       0%         N/A       100%        4
 Sticky Flame             Conj/Fire      0%         2d3       100%        4
 Summon Ice Beast         Ice/Summ       0%         N/A       100%        4
 Blade Hands              Tmut           0%         N/A       100%        5
 Borgnjor's Vile Clutch   Necr/Erth      0%         N/A       100%        5
 Fireball                 Conj/Fire      0%         3d3       100%        5
 Irradiate                Conj/Tmut      0%         3d11      100%        5
 Iskenderun's Battlesphe  Conj           0%         2d6       100%        5
 Conjure Ball Lightning   Conj/Air       0%         3x3d6     100%        6
 Death Channel            Necr           0%         N/A       100%        6
 Dragon Form              Tmut           0%         N/A       100%        7
 Haunt                    Necr/Summ      0%         N/A       100%        7
 Orb of Destruction       Conj           0%         9d5       100%        7
 Discord                  Hex            0%         N/A       100%        8
 Lehudib's Crystal Spear  Conj/Erth      0%         10d2      100%        8


Dungeon Overview and Level Annotations

Branches:
Dungeon (14/15)            Temple (1/1) D:6            Lair (5/5) D:9
 Shoals (0/4) Lair:2       Spider (4/4) Lair:2        Slime (0/5) Lair:4
    Orc (2/2) D:11            Elf (0/3) Orc:2
 Vaults: D:13-14

Altars:
Ashenzari
Cheibriados
Dithmenos
Elyvilon
Fedhas
Gozag
Hepliaklqana
Kikubaaqudgha
Makhleb
Nemelex Xobeh
Okawaru
Qazlal
Ru
Sif Muna
Trog
Uskayaw
Vehumet
Wu Jian
Xom
Yredelemnul
Zin
The Shining One
Jiyva

Shops:
D:7 ?   D:10 [   D:13 :*?   Orc:2 *!=:[

Annotations:
D:3 2 transporters, lotum's ghost, amateur NaWr
Lair:1 2 transporters, Kitec's ghost, journeyman MiFi
Spider:1 1 transporter, gdog's ghost, journeyman GnDe


Innate Abilities, Weirdness & Mutations

You are immune to sickness and miasma.
Your stone body is resilient. (AC +12)
You are immune to poison.
Your large and strong wings let you fly.
You resist negative energy. (rN+)
You are resistant to electric shocks. (rElec)
You are resistant to unholy torment.
You are immune to petrification.


Message History

You hit the radroach but do no damage.
The radroach is severely wounded.
Unknown command.
You hit the radroach but do no damage.
The radroach is severely wounded.
The radroach erupts in a fountain of uncontrolled magic!
You are blasted with magical radiation!!
You are very lightly contaminated with residual magic.
You hit the radroach. You freeze the radroach.
The radroach is severely wounded.
The jumping spider leaps!
The radroach erupts in a fountain of uncontrolled magic!
You are blasted with magical radiation!!
You are lightly contaminated with residual magic.
Unknown command.
You are too injured to fight recklessly!
You are too injured to fight recklessly!
Unknown command.
Unknown command.
You are too injured to fight recklessly!
You barely miss the radroach.
The radroach is severely wounded.
Unknown command.
You hit the radroach. You freeze the radroach.
The radroach is severely wounded.
The radroach erupts in a fountain of uncontrolled magic!
You are blasted with magical radiation!!
* * * LOW HITPOINT WARNING * * *
You are contaminated with residual magic.
Unknown command.
Okay, then.
Press: ? - help, v - describe, . - travel
Here: a radroach (severely wounded)
The floor.
As you read the scroll of fear, it crumbles to dust.
You assume a fearsome visage.
The jumping spider looks frightened!
The radroach resists with some effort.
The jumping spider leaps!
The radroach erupts in a fountain of uncontrolled magic!
You are blasted with magical radiation!!
You die...

##.....#......###
...#..####...#^#
......^.#......###
##^.....#..^.^...# ##
##..##.#.^..#...# .~#
##..#..^#.#....## ##..#
####....#^.^.#.§.# #.~..#
#...^....#^.#○...# ##^...~#
#.....!......○.@B###....~#
###...#......§...'.......##
##..#....#†○°°.'...~~^..#
##........^#...'.^.##..~#
##...^#.#.###...###.##~.^#
##.#..#.#### #.°.# ##~~..#
#...^..## #.°.# ##....#
##..#^.## #.s####.s..##
#....^..# #..# #^.~###


You could see a radroach and a jumping spider.

Vanquished Creatures
  Rupert (Lair:3)
  3 ghost moths
  An emperor scorpion (Spider:3)
  2 broodmothers
  5 entropy weavers
  Nessos (Lair:4)
  2 dire elephants (Lair:5)
  A spark wasp (Spider:3)
  Josephine (D:11)
  5 hydras
  5 boulder beetles
  3 ogre magi (Orc:2)
  4 jorogumos
  4 catoblepae
  A centaur warrior (D:13)
  5 two-headed ogres
  4 death yaks
  An orc high priest (Orc:2)
  Nergalle (Orc:2)
  Amaemon (Lair:3)
  2 pharaoh ants
  A sun moth (Spider:4)
  Lodul (D:11)
  3 steelbarb worms
  10 orb spiders
  Pikel (D:8)
  2 lindwurms
  A deep elf pyromancer (D:9)
  19 wolf spiders
  2 cyclopes
  3 manticores
  6 orc sorcerers (Orc:2)
  4 ugly things
  17 elephants
  6 black mambas
  4 torpor snails
  8 cane toads
  9 demonic crawlers
  A kobold demonologist (D:11)
  Psyche (D:10)
  6 rime drakes
  An orange demon (Lair:3)
  6 komodo dragons
  A freezing wraith (D:14)
  4 meliai
  24 tarantellas
  11 polar bears
  6 trolls
  A wind drake (Lair:2)
  2 raiju (Lair:5)
  7 blink frogs
  4 dream sheep (Lair:5)
  5 slime creatures (D:13)
  Grinder (D:6)
  26 jumping spiders
  Sigmund (D:4)
  22 culicivoras
  2 shadows (D:13)
  2 humans (D:8)
  2 spriggans (Lair:4)
  6 wraiths
  7 wyverns
  44 yaks
  4 basilisks
  45 redbacks
  Edmund (D:4)
  A steam dragon (Lair:2)
  3 vampire mosquitoes (D:11)
  6 wargs
  9 water moccasins
  15 hell hounds (Lair:5)
  2 sky beasts
  8 orc warriors
  2 ice beasts
  15 black bears
  16 ogres
  30 wolves
  7 centaurs
  A phantom (D:5)
  A lemure (D:8)
  7 kobold brigands
  Blork the orc (D:4)
  10 bullfrogs
  4 gnoll sergeants
  2 necrophages
  3 scorpions
  A wyvern zombie (D:7)
  12 wights
  6 killer bees
  An electric eel (Lair:1)
  2 howler monkeys (D:5)
  A centaur zombie (D:7)
  15 jellies
  5 hounds
  10 orc priests
  6 iguanas
  Terence (D:2)
  35 orc wizards
  11 adders
  27 gnolls
  2 river rats (D:4)
  2 shadow imps
  2 worms
  3 dart slugs
  48 orcs
  8 ball pythons
  2 bats
  4 endoplasms
  6 giant cockroaches
  10 goblins
  10 hobgoblins
  2 jackals (D:3)
  3 quokkas
  2 frilled lizards (D:3)
  30 kobolds
  6 rats
809 creatures vanquished.

Vanquished Creatures (collateral kills)
  A cyclops (D:14)
  An ufetubus (D:14)
2 creatures vanquished.

Vanquished Creatures (others)
  Arachne (Spider:3)
  An orb spider (Spider:1)
  2 hornets (Spider:1)
  An orc wizard (Orc:2)
  An orc (Orc:2)
  A demonic plant (D:3)
  12 fungi
  18 plants
  9 toadstools (Lair:1)
46 creatures vanquished.

Grand Total: 857 creatures vanquished

Notes
Turn   | Place    | Note
-------+----------+-------------------------------------------
     0 | D:1      | zeram the Gargoyle Fighter began the quest for the Orb.
     0 | D:1      | Reached XP level 1. HP: 14/14 MP: 1/1
     0 | D:1      | Noticed a tentacled monstrosity
     1 | D:1      | Noticed an ice dragon
     2 | D:1      | Noticed an orb of fire
     4 | D:1      | Noticed an orb of fire
     6 | D:1      | Noticed an orb of fire
     7 | D:1      | Noticed a tentacled monstrosity
     8 | D:1      | Noticed an iron dragon
    11 | D:1      | Noticed a large abomination
    13 | D:1      | Noticed an ice dragon
    13 | D:1      | Noticed an iron dragon
    15 | D:1      | Noticed a shadow dragon
    15 | D:1      | Noticed an iron dragon
    17 | D:1      | Noticed an orb of fire
    17 | D:1      | Noticed a large abomination
    17 | D:1      | Noticed a tentacled monstrosity
    19 | D:1      | Noticed an orb of fire
    21 | D:1      | Noticed a tentacled monstrosity
    66 | D:1      | Reached XP level 2. HP: 9/19 MP: 2/2
   431 | D:1      | You fall into a shaft and drop 1 floor!
   594 | D:2      | Reached XP level 3. HP: 22/23 MP: 3/3
   631 | D:2      | Reached XP level 4. HP: 10/29 MP: 4/4
   923 | D:2      | Noticed Terence
   939 | D:2      | Killed Terence
  1512 | D:2      | Reached XP level 5. HP: 21/33 MP: 5/5
  1845 | D:3      | Noticed a black bear
  1846 | D:3      | Noticed lotum's ghost (amateur NaWr)
  1865 | D:3      | Found a transporter.
  2246 | D:3      | Found a faded altar of an unknown god.
  2286 | D:3      | Reached skill level 4 in Shields
  2398 | D:3      | Found a transporter.
  2475 | D:3      | Reached skill level 1 in Dodging
  2475 | D:3      | Reached XP level 6. HP: 38/38 MP: 6/6
  2688 | D:4      | Noticed Blork the orc
  2695 | D:4      | Killed Blork the orc
  3304 | D:4      | Reached skill level 5 in Maces & Flails
  3304 | D:4      | Reached XP level 7. HP: 35/44 MP: 7/7
  3635 | D:4      | Reached skill level 5 in Armour
  3730 | D:4      | Noticed Sigmund
  3738 | D:4      | Killed Sigmund
  3797 | D:4      | Noticed Edmund
  3809 | D:4      | Killed Edmund
  4154 | D:5      | Entered Level 5 of the Dungeon
  4227 | D:5      | Reached XP level 8. HP: 48/48 MP: 8/8
  4310 | D:5      | Identified the +9 whip "Beetle's Nightmare" {freeze, rPois
                  | Will++}
  4385 | D:5      | Reached skill level 5 in Fighting
  4419 | D:5      | Reached skill level 1 in Stealth
  4952 | D:5      | Found a hide-covered altar of Uskayaw.
  4952 | D:5      | Found a snail-covered altar of Cheibriados.
  5050 | D:6      | Reached skill level 5 in Shields
  5279 | D:6      | Found a staircase to the Ecumenical Temple.
  5301 | Temple   | Entered the Ecumenical Temple
  5367 | Temple   | Became a worshipper of Qazlal Stormbringer
  5475 | D:6      | Reached XP level 9. HP: 47/54 MP: 9/9
  5587 | D:6      | Noticed Grinder
  5594 | D:6      | Paralysed by Grinder for 4 turns
  5610 | D:6      | Killed Grinder
  5966 | D:6      | Reached skill level 6 in Shields
  6731 | D:7      | Reached * piety under Qazlal
  6851 | D:7      | Found a basalt altar of Yredelemnul.
  7508 | D:7      | Found Kaliamaorch's Magic Scroll Shop.
  7511 | D:7      | Bought a scroll of blinking for 112 gold pieces
  7511 | D:7      | Bought a scroll of fear for 60 gold pieces
  7561 | D:8      | Found an iron altar of Okawaru.
  7594 | D:8      | Reached XP level 10. HP: 54/60 MP: 10/10
  7758 | D:8      | Noticed a two-headed ogre
  7759 | D:8      | Noticed Pikel
  7775 | D:8      | Killed Pikel
  7780 | D:8      | Killed a two-headed ogre
  7781 | D:8      | Reached skill level 10 in Maces & Flails
  7781 | D:8      | Reached skill level 5 in Dodging
  7781 | D:8      | Reached skill level 7 in Shields
  8423 | D:8      | Found a hazy altar of Hepliaklqana.
  8553 | D:9      | Noticed a two-headed ogre
  8574 | D:8      | Killed a two-headed ogre
  8650 | D:9      | Noticed a cyclops
  8664 | D:9      | Killed a cyclops
  8694 | D:9      | Noticed a deep elf pyromancer
  8714 | D:9      | Killed a deep elf pyromancer
  8715 | D:9      | Reached skill level 8 in Shields
  8715 | D:9      | Reached XP level 11. HP: 52/64 MP: 11/11
  8825 | D:9      | Reached ** piety under Qazlal
  8971 | D:9      | Identified the +10 quarterstaff of Ashenzari's Esteem
                  | {vorpal, +Blink rElec rN++ Stlth-}
  8976 | D:9      | Found a staircase to the Lair.
  9315 | D:9      | Found a broken altar of Ashenzari.
  9433 | D:9      | Noticed a two-headed ogre
  9439 | D:9      | Reached skill level 9 in Shields
  9448 | D:9      | Killed a two-headed ogre
  9541 | D:9      | Found a sparkling altar of Nemelex Xobeh.
  9609 | D:10     | Entered Level 10 of the Dungeon
  9609 | D:10     | Found Xujampil's Armour Shop.
  9782 | D:10     | Noticed a two-headed ogre
  9788 | D:10     | Killed a two-headed ogre
  9792 | D:10     | Reached *** piety under Qazlal
  9845 | D:10     | Noticed a two-headed ogre
  9863 | D:10     | Killed a two-headed ogre
  9934 | D:10     | Found a blossoming altar of Fedhas.
 10244 | D:10     | Noticed Psyche
 10254 | D:10     | Killed Psyche
 10255 | D:10     | Reached skill level 10 in Shields
 10255 | D:10     | Reached XP level 12. HP: 70/70 MP: 12/12
 10483 | D:11     | Noticed Lodul
 10495 | D:11     | Reached skill level 10 in Armour
 10526 | D:11     | Killed Lodul
 10677 | D:11     | Reached **** piety under Qazlal
 10710 | D:11     | Found a staircase to the Orcish Mines.
 10831 | D:11     | Noticed Josephine
 11003 | D:11     | Killed Josephine
 11004 | D:11     | Reached skill level 11 in Shields
 12754 | D:13     | Found Kankoz's Book Shoppe.
 12811 | D:13     | Noticed a catoblepas
 12816 | D:13     | Killed a catoblepas
 12882 | D:13     | Reached skill level 12 in Shields
 12885 | D:13     | Found Dirutune's General Store.
 13219 | D:13     | Noticed a centaur warrior
 13223 | D:13     | Found Doublin's Magic Scroll Shop.
 13232 | D:13     | Killed a centaur warrior
 13290 | D:13     | Bought a scroll of acquirement for 728 gold pieces
 13290 | D:13     | Bought a scroll of enchant armour for 105 gold pieces
 13290 | D:13     | Bought a scroll of fear for 56 gold pieces
 13290 | D:13     | Bought a scroll of teleportation for 42 gold pieces
 13295 | D:13     | Acquired 634 gold pieces
 13412 | D:14     | Noticed a seven-headed hydra
 13415 | D:14     | Reached skill level 10 in Dodging
 13415 | D:14     | Reached XP level 13. HP: 74/74 MP: 13/13
 13550 | Orc:1    | Entered Level 1 of the Orcish Mines
 13666 | Orc:2    | Entered Level 2 of the Orcish Mines
 13666 | Orc:2    | Found a staircase to the Elven Halls.
 13687 | Orc:2    | Reached ***** piety under Qazlal
 13988 | Orc:2    | Reached skill level 13 in Shields
 14042 | Orc:2    | Found Reotihang's Assorted Antiques.
 14050 | Orc:2    | Bought a glowing sapphire amulet for 150 gold pieces
 14050 | Orc:2    | Bought a potion of heal wounds for 150 gold pieces
 14124 | Orc:2    | Found an ancient bone altar of Kikubaaqudgha.
 14124 | Orc:2    | Noticed Nergalle
 14166 | Orc:2    | Killed Nergalle
 14209 | Orc:2    | Found Sofi's Jewellery Emporium.
 14225 | Orc:2    | Found a radiant altar of Vehumet.
 14304 | Orc:2    | Bought an amulet of reflection for 420 gold pieces
 14341 | Orc:2    | HP: 2/72 [orc sorcerer/bolt of fire (29)]
 14575 | Orc:2    | Found Bagymo's Distillery.
 14605 | Orc:2    | Found Yhopn's Book Emporium.
 14610 | Orc:2    | Found Ficopt's Antique Armour Shoppe.
 14768 | Orc:2    | Bought a heavily runed buckler for 209 gold pieces
 14768 | Orc:2    | Identified the +3 buckler "Haublan" {rF+++ Will- Int+4}
                  | (You bought it in a shop on level 2 of the Orcish Mines)
 14920 | Lair:1   | Entered Level 1 of the Lair of Beasts
 15067 | Lair:1   | Found a runed translucent door.
 15163 | Lair:1   | Noticed Kitec's ghost (journeyman MiFi)
 15166 | Lair:1   | Found a transporter.
 15178 | Lair:1   | Found a transporter.
 15186 | Lair:1   | Reached skill level 14 in Shields
 16017 | Lair:2   | Found a staircase to the Shoals.
 16170 | Lair:2   | Gained mutation: Your large and strong wings let you fly.
                  | [Gargoyle growth]
 16170 | Lair:2   | Reached XP level 14. HP: 47/80 MP: 14/14
 16413 | Lair:2   | Reached ****** piety under Qazlal
 16478 | Lair:2   | Identified the +5 dagger of Wyrd {spect, rC+ Int+2}
 16607 | Lair:2   | Reached skill level 15 in Shields
 16616 | Lair:2   | Found a hole to the Spider Nest.
 16930 | Lair:3   | Noticed Amaemon
 16937 | Lair:3   | Killed Amaemon
 17213 | Lair:3   | Noticed Rupert
 17237 | Lair:3   | Killed Rupert
 17924 | Lair:4   | Noticed Nessos
 18118 | Lair:4   | Killed Nessos
 18278 | Lair:4   | Reached skill level 16 in Shields
 18575 | Lair:4   | Found a viscous altar of Jiyva.
 18575 | Lair:4   | Found a staircase to the Slime Pits.
 19045 | Lair:5   | Entered Level 5 of the Lair of Beasts
 19400 | Lair:5   | Noticed a dire elephant
 19437 | Lair:5   | Reached skill level 17 in Shields
 19822 | Lair:5   | Killed a dire elephant
 19823 | Lair:5   | Reached XP level 15. HP: 40/84 MP: 15/15
 20452 | Lair:5   | Reached skill level 18 in Shields
 21665 | Spider:1 | Entered Level 1 of the Spider Nest
 21691 | Spider:1 | Reached skill level 19 in Shields
 22722 | Spider:1 | Found a transporter.
 23003 | Spider:1 | Found a transporter.
 23005 | Spider:1 | Noticed an emperor scorpion
 23011 | Spider:1 | Noticed gdog's ghost (journeyman GnDe)
 23013 | Spider:1 | Noticed an emperor scorpion
 23778 | Spider:1 | Reached XP level 16. HP: 30/89 MP: 16/16
 24145 | Spider:2 | Reached skill level 20 in Shields
 25117 | Spider:2 | Identified the +1 chain mail of Teisuh {Rampage}
 26318 | Spider:3 | Reached skill level 21 in Shields
 26398 | Spider:3 | Identified the +2 robe of Reoluata {+Inv}
 26435 | Spider:3 | Got the Collected Works on Changing Invitation
 26748 | Spider:4 | Entered Level 4 of the Spider Nest
 26748 | Spider:4 | Noticed Arachne
 26773 | Spider:3 | Killed Arachne
 27734 | Spider:4 | Reached skill level 22 in Shields
 27961 | Spider:4 | HP: 3/89 [entropy weaver (9)]
 28373 | Spider:4 | Reached XP level 17. HP: 92/93 MP: 17/17
 28512 | Spider:4 | Demolished by a radroach

Illustrated notes

Levels and vault maps discovered:
D:1:      shiori_arrival_whats_in_store_for_you, layout_loops_ring
D:2:      layout_loops_corners, ebering_dispersal_statue_hall, nicolae_titane,
          uniq_terence
D:3:      minmay_evil_eye, layout_basic, shapermc_ecumenical_altar_gd,
          gammafunk_ghost_arena, kennysheep_generic_room_6
D:4:      layout_layer_cave, gup_sewer_entry_bubbles, sigmund_edmund_badplayer,
          uniq_sigmund, uniq_blork_the_orc
D:5:      layout_loops_ring, gammafunk_temple_overflow_wave
D:6:      layout_basic, minmay_temple_entry_statues_pillars, st_stairs_11,
          minmay_manual_mares, uniq_grinder
D:7:      layout_basic, lemuel_zombie_altar_yredelemnul, serial_shops,
          nicolae_shop_behind_doors, chequers_serial_rivers_micro_e,
          reono_crystal_passage
D:8:      layout_basic, kennysheep_mini_moat, okawaru_humans, uniq_pikel
D:9:      layout_irregular_city, mainiacjoe_overflow_big_doors,
          david_lair_generic, grunt_ministairs_15, minmay_bent
D:10:     layout_irregular_city, fedhas_ov_isle_minmay, serial_shops,
          nicolae_shop_advertising_works [nicolae_subvault_shop_adworks],
          amcnicky_mini_pool_small, uniq_psyche
D:11:     layout_layer_cave, erik_orc_3, chequers_serial_rivers_room_a,
          uniq_josephine, uniq_lodul
D:12:     layout_loops_cross, kennysheep_generic_room_15
D:13:     layout_roguey, serial_shops, nicolae_diamond_shop,
          nicolae_shop_waterfront, nicolae_shop_window_shopping,
          minmay_misc_feat_roman
D:14:     layout_roguey, david_vaults_4, serial_ice, serial_ice_g, serial_ice_m,
          serial_ice_o, serial_ice_b, serial_ice_l, serial_ice_d, serial_ice_a,
          portal_ice_cave_entry_frozen_things, serial_shops,
          nicolae_shop_temple_entry_statues_fountains, lemuel_old_faithful
Temple:   eino_temple_lava
Lair:1:   gammafunk_lair_enchanted_lake, layout_cellular_growth,
          nzn_ghost_randoct
Lair:2:   layout_misc_corridors, minmay_shoals_entry_beasts,
          spider_nest_entry_funnel_web
Lair:3:   layout_hall_layers, st_stairs_4, infiniplex_staircase_pool,
          grunt_megastairs_5, uniq_rupert, uniq_amaemon
Lair:4:   layout_hall_layers, minmay_slime_entry_jelly_boxes,
          forest_entry_grove, grunt_megastairs_2, serial_bayou_shore_b,
          uniq_nessos
Lair:5:   hangedman_lair_in_review, layout_misc_corridors,
          hangedman_lair_caniforms_friends
Spider:1: layout_chambers, gammafunk_ghost_berserking_beasts
Spider:2: layout_spider_delve
Spider:3: layout_spider_delve, drop_trap
Spider:4: spider_rune_water, uniq_arachne
Orc:1:    layout_caves
Orc:2:    kennysheep_orc_mage_school, layout_caves, serial_shops, shop

Skill      XL: |  1  2  3  4  5  6  7  8  9 10 11 12 13 14 15 16 |
---------------+-------------------------------------------------+-----
Maces & Flails | 3 4 5 6 7 9 10 11 12 13 14 | 14.3
Armour         | 4 5 6 7 8 9 11 12 13 14 | 14.1
Fighting       | 4 5 6 |  6.2
Shields        | 4 5 6 8 10 12 14 17 19 22 | 22.3
Dodging        | 1 4 6 8 10 11 12 | 12.0
Stealth        | 1 |  1.0
Evocations     | |  0.1

Action                   |  1- 3 |  4- 6 |  7- 9 | 10-12 | 13-15 | 16-18 || total
-------------------------+-------+-------+-------+-------+-------+-------++-------
Melee: Flail             |    51 |   202 |   339 |       |       |       ||   592
       Whip              |       |       |    13 |   704 |  1862 |   795 ||  3374
Evoke: Wand              |       |       |       |       |       |     5 ||     5
  Use: Scroll            |       |     6 |     7 |    17 |    15 |     8 ||    53
       Potion            |       |       |       |     3 |     5 |    16 ||    24
 Stab: Petrified         |       |       |       |       |    12 |       ||    12
       Petrifying        |       |       |       |       |     1 |       ||     1
       Invisible         |       |       |       |       |     3 |     5 ||     8
Armor: Scale mail        |    24 |   104 |       |       |       |       ||   128
       Plate armour      |       |     9 |   225 |   227 |   496 |   361 ||  1318
Dodge: Dodged            |    15 |    84 |   130 |   133 |   357 |   239 ||   958
       Repelled          |       |       |       |     1 |     8 |     5 ||    14
Block: Buckler           |     6 |    46 |   112 |    13 |       |       ||   177
       Kite shield       |       |       |       |   440 |  1886 |  1295 ||  3621
       Reflection        |       |       |       |       |    15 |     8 ||    23
